 Dungeon Crawl Stone Soup version 0.29.1-1-gd02db6906a (webtiles) character file.

Game seed: 18175834180739351025

19 RogueRain17 the Conjurer (level 2, 19/19 HPs)
             Began as a Demonspawn Conjurer on Sept 24, 2022.
             Got out of the dungeon alive.
             The game lasted 00:01:13 (520 turns).

RogueRain17 the Conjurer (Demonspawn Conjurer)       Turns: 520, Time: 00:01:15

Health: 19/19      AC:  2    Str:  7    XL:     2   Next: 55%
Magic:  3/5        EV: 12    Int: 19    God:
Gold:   32         SH:  0    Dex: 11    Spells: 4/5 levels left

rFire   . . .      SeeInvis .   (no weapon)
rCold   . . .      Faith    .   (no shield)
rNeg    . . .      Spirit   .   a - +0 robe
rPois   .          Reflect  .   (helmet restricted)
rElec   .          Harm     .   (no cloak)
rCorr   .          Rampage  .   (no gloves)
Will    .....                   (no boots)
Stlth   ++........              (no amulet)
HPRegen 0.06/turn               (no ring)
MPRegen 0.09/turn               (no ring)

@: no status effects
A: horns 1
a: no special abilities


You escaped.
You visited 1 branch of the dungeon, and saw 1 of its levels.

You collected 32 gold pieces.

Inventory:

Armour
 a - a +0 robe (worn)
Scrolls
 c - a scroll of noise {unknown}
 d - a scroll of amnesia {unknown}
 e - a scroll of acquirement {unknown}
Potions
 b - a potion of magic


   Skills:
 - Level 1.7 Dodging
 - Level 1.7 Stealth
 - Level 2.0 Spellcasting
 + Level 4.7 Conjurations


You had 4 spell levels left.
You knew the following spells:

 Your Spells              Type           Power      Damage    Failure   Level
a - Magic Dart            Conj           80%        1d7       2%          1

Your spell library contained the following spells:

 Spells                   Type           Power      Damage    Failure   Level
 Searing Ray              Conj           40%        2d5       3%          2
 Sandblast                Erth           2%         2d4       17%         1
 Dazzling Flash           Conj/Hex       22%        N/A       19%         3
 Stone Arrow              Conj/Erth      22%        3d8       19%         3
 Passwall                 Tmut/Erth      0%         N/A       26%         2
 Fulminant Prism          Conj/Hex       5%         3d7       54%         4
 Iskenderun's Mystic Bla  Conj/Tloc      11%        2d4       54%         4


Dungeon Overview and Level Annotations

Branches:
Dungeon (1/15)

Altars:


Innate Abilities, Weirdness & Mutations

You have a pair of small horns on your head.


Message History

You are out of magic!
A ball python comes into view.
A ball python is nearby!
The magic dart hits the ball python.
You kill the ball python!
A dart slug comes into view.
A dart slug is nearby!
The magic dart hits the dart slug.
The dart slug is heavily wounded.
The dart slug launches a dart at you. The slug dart hits you.
The magic dart hits the dart slug.
The dart slug is severely wounded.
The magic dart hits the dart slug.
The dart slug is almost dead.
A dart slug is nearby!
The magic dart hits the dart slug.
You kill the dart slug!
Found 3 boomerangs of dispersal.
You see here a dart slug corpse.
A goblin comes into view. It is wielding a +0 dagger.
The goblin shouts!
A bat comes into view.
A bat is nearby!
The magic dart hits the bat.
You kill the bat!
The magic dart hits the goblin.
The goblin is moderately wounded.
You can't see any susceptible monsters within range! (Use Z to cast anyway.)
A goblin is nearby!
The magic dart hits the goblin.
The goblin is heavily wounded.
The magic dart hits the goblin.
You kill the goblin!
You see here a +0 dagger.
Found 3 boomerangs.
Found 11 gold pieces.
There is a staircase leading out of the dungeon here.
Are you sure you want to leave the Dungeon?
This will make you lose the game!
You have escaped!

... ..........###...............
.. #.......## #........##...#
.... #.......# #....)...##...#
....###.......## ##........###†##
......#........###.........#.....
......#....................#.....
......#..###.........###...#.....
......#.## ##.......## ##........
#.....#.# #...@...# #......).
......#.## ##.......# #......##
.........###.........# #...#.....
...........................#.....
...............###.........#...(.
..............## ##........#.....
..............# .....$........
..............# ...... #.#..
...............#


There were no monsters in sight!

Vanquished Creatures
  A dart slug (D:1)
  11 ball pythons (D:1)
  A goblin (D:1)
  A hobgoblin (D:1)
  A quokka (D:1)
  A bat (D:1)
  A rat (D:1)
17 creatures vanquished.

Vanquished Creatures (others)
  4 fungi (D:1)
4 creatures vanquished.

Grand Total: 21 creatures vanquished

Notes
Turn   | Place    | Note
-------+----------+-------------------------------------------
     0 | D:1      | RogueRain17 the Demonspawn Conjurer began the quest for the
                  | Orb.
     0 | D:1      | Reached XP level 1. HP: 13/13 MP: 3/3
   262 | D:1      | Gained mutation: You have a pair of small horns on your
                  | head. [demonic ancestry]
   262 | D:1      | Reached XP level 2. HP: 19/19 MP: 3/5
   313 | D:1      | Found a faded altar of an unknown god.
   520 | D:$      | Got out of the dungeon alive.

Illustrated notes

Levels and vault maps discovered:
D:1:      minmay_arrival_four_circles, layout_basic,
          nicolae_ecumenical_snake_handling, dreamdust_wishing_well,
          minmay_shallow_snake_nest

Action                   || total
-------------------------++-------
Melee: Unarmed           ||     9
 Cast: Magic Dart        ||    30
Armor: Robe              ||     2
Dodge: Dodged            ||     8
